 Dungeon Crawl Stone Soup version 0.29-a0-25-g7f48f510a0 (webtiles) character file.

Game seed: 6890246994054904964

297564 HallandMoats the Warrior (level 20, -3/134 HPs)
             Began as an Octopode Fighter on Jan 31, 2022.
             Was a High Priest of Qazlal.
             Slain by a rockslime (32 damage)
             ... on level 5 of the Pits of Slime.
             The game lasted 01:22:40 (33045 turns).

HallandMoats the Warrior (Octopode Fighter)        Turns: 33045, Time: 01:22:40

Health: -3/134     AC: 16    Str: 27    XL:     20   Next: 94%
Magic:  0/35       EV: 23    Int: 17    God:    Qazlal [*****.]
Gold:   5257       SH: 23    Dex: 24    Spells: 30/41 levels left

rFire   + . .      SeeInvis .   a - +9 demon trident (freeze)
rCold   + . .      Faith    .   d - +2 kite shield {AC+3}
rNeg    + + +      Spirit   +   f - +1 hat of Bozairoexta {Regen+ Str+4}
rPois   +          Reflect  .   n - amulet of guardian spirit
rElec   +          Harm     .   k - ring of Winter {rF+ rC+ Will+}
rCorr   +          Rampage  .   y - ring of Uzxiz {rPois rN+++ Str+6 Int-2}
Will    +++..      Clarity  +   x - ring of Cuacvic {rCorr Str+2 Int+6 Dex+2}
Stlth   +.........              w - ring of wizardry
HPRegen 1.12/turn               R - +4 ring of protection
MPRegen 0.24/turn               T - ring of wizardry
                                E - +4 ring of slaying
                                Q - ring "Xotzov" {rPois Will+ AC+4}

@: about to teleport, protected from physical damage, studying Fighting, repel
missiles
A: almost no armour, amphibious, 8 rings, camouflage 1, gelatinous body 1,
(nimble swimmer 1), tentacles, tentacle spike 1, agile 1, clarity, clever 1,
frail 1, electricity resistance
}: 2/15 runes: decaying, gossamer
a: Renounce Religion, Upheaval, Elemental Force, Disaster Area


You were on level 5 of the Pits of Slime.
You worshipped Qazlal.
Qazlal was extremely pleased with you.
You visited 7 branches of the dungeon, and saw 37 of its levels.
You also visited: Sewer and Bailey.

You collected 5413 gold pieces.
You spent 156 gold pieces at shops.

Inventory:

Hand Weapons
 a - a +9 demon trident of freezing (weapon)
Missiles
 v - 4 throwing nets (quivered)
Armour
 d - a +2 kite shield of protection (worn)
 f - the +1 hat of Bozairoexta (worn) {Regen+ Str+4}
   (You acquired it on level 3 of the Dungeon)

   Str:       It affects your strength (+4).
   Regen:     It increases your rate of health regeneration.
Jewellery
 i - an amulet of regeneration
 k - the ring of Winter (left tentacle) {rF+ rC+ Will+}
   (You acquired it on level 3 of the Dungeon)

   [ring of protection from fire]

   rF:        It protects you from fire.
   rC:        It protects you from cold.
   Will:      It increases your willpower.
 n - an amulet of guardian spirit (around mantle)
 w - a ring of wizardry (on tentacle)
 x - the ring of Cuacvic (on tentacle) {rCorr Str+2 Int+6 Dex+2}
   (You acquired it in a bailey)

   [ring of intelligence]

   Str:       It affects your strength (+2).
   Int:       It affects your intelligence (+6).
   Dex:       It affects your dexterity (+2).
   rCorr:     It protects you from acid and corrosion.
 y - the ring of Uzxiz (right tentacle) {rPois rN+++ Str+6 Int-2}
   (You found it on level 9 of the Dungeon)

   [ring of poison resistance]

   Str:       It affects your strength (+6).
   Int:       It affects your intelligence (-2).
   rPois:     It protects you from poison.
   rN:        It renders you almost immune to negative energy.
 E - a +4 ring of slaying (on tentacle)
 H - a ring of flight
 J - the amulet "Oroicyo" {Spirit Rampage +Inv rC- Dex+5}
   (You found it on level 2 of the Swamp)

   [amulet of guardian spirit]

   It causes incoming damage to be divided between your reserves of health and
   magic.
   Dex:       It affects your dexterity (+5).
   rC:        It makes you vulnerable to cold.
   +Inv:      It lets you turn invisible.
   Rampage:   It bestows one free step when moving towards enemies.
 O - a +4 ring of evasion
 Q - the ring "Xotzov" (on tentacle) {rPois Will+ AC+4}
   (You found it on level 4 of the Lair of Beasts)

   [ring of protection]

   AC:        It affects your AC (+4).
   rPois:     It protects you from poison.
   Will:      It increases your willpower.
 R - a +4 ring of protection (on tentacle)
 S - the amulet "Katolagiw" {Faith Harm rF+ rCorr Int+4}
   (You took it off a tengu warrior on level 14 of the Dungeon)

   [amulet of faith]

   It allows you to gain divine favour quickly.
   Int:       It affects your intelligence (+4).
   rF:        It protects you from fire.
   rCorr:     It protects you from acid and corrosion.
   Harm:      It increases damage dealt and taken.
 T - a ring of wizardry (on tentacle)
Wands
 g - a wand of digging (2)
 G - a wand of iceblast (39)
Scrolls
 b - 2 scrolls of enchant armour
 h - 11 scrolls of teleportation
 p - 8 scrolls of immolation
 A - 6 scrolls of enchant weapon
 B - 7 scrolls of fog
 C - 3 scrolls of brand weapon
 D - 3 scrolls of summoning
 F - 11 scrolls of identify
 L - a scroll of silence
 P - 2 scrolls of magic mapping
Potions
 c - 6 potions of might
 j - 5 potions of flight
 l - 5 potions of lignification
 m - 7 potions of resistance
 o - 7 potions of mutation
 q - 7 potions of ambrosia
 r - 6 potions of berserk rage
 s - 2 potions of cancellation
 t - 8 potions of curing
 u - 2 potions of invisibility
 z - 5 potions of brilliance
Miscellaneous
 U - a phantom mirror


   Skills:
 + Level 16.7 Fighting
 + Level 13.8 Polearms
 + Level 12.9 Dodging
 - Level 10.5 Shields
 - Level 11.1 Spellcasting
 * Level 12.9 Transmutations
 * Level 11.2 Ice Magic
 * Level 11.2 Earth Magic
 + Level 15.7 Invocations


You had 30 spell levels left.
You knew the following spells:

 Your Spells              Type           Power      Damage    Failure   Level
a - Wereblood             Tmut           52%        N/A       1%          2
b - Ozocubu's Armour      Ice            47%        N/A       1%          3
c - Statue Form           Tmut/Erth      33%        N/A       5%          6

Your spell library contained the following spells:

 Spells                   Type           Power      Damage    Failure   Level
 Beastly Appendage        Tmut           100%       N/A       1%          1
 Frozen Ramparts          Ice            94%        1d11      1%          3
 Spider Form              Tmut/Pois      31%        N/A       1%          3
 Ice Form                 Ice/Tmut       50%        N/A       1%          4
 Petrify                  Tmut/Erth      50%        N/A       1%          4
 Blade Hands              Tmut           26%        N/A       1%          5
 Foxfire                  Conj/Fire      36%        2x1d5     4%          1
 Summon Ice Beast         Ice/Summ       28%        N/A       4%          4
 Blink                    Tloc           18%        N/A       7%          2
 Conjure Flame            Conj/Fire      9%         6-21      13%         3
 Inner Flame              Hex/Fire       9%         N/A       13%         3
 Borgnjor's Vile Clutch   Necr/Erth      14%        N/A       13%         5
 Metabolic Englaciation   Hex/Ice        14%        N/A       13%         5
 Cause Fear               Hex            4%         N/A       38%         4
 Flame Wave               Conj/Fire      9%         2d5       38%         4
 Summon Lightning Spire   Summ/Air       9%         N/A       38%         4
 Iron Shot                Conj/Erth      14%        9d4       52%         6
 Simulacrum               Ice/Necr       14%        N/A       52%         6
 Fireball                 Conj/Fire      4%         3d4       71%         5
 Iskenderun's Battlesphe  Conj           9%         2d6       71%         5
 Manifold Assault         Tloc           9%         N/A       71%         5
 Storm Form               Tmut/Air       15%        N/A       90%         7
 Conjure Ball Lightning   Conj/Air       4%         3x3d6     99%         6
 Orb of Destruction       Conj           4%         9d5       100%        7
 Discord                  Hex            4%         N/A       100%        8
 Maxwell's Capacitive Co  Air            4%         ∞         100%        8
 Animate Armour           Summ/Erth      Unusable   N/A       N/A         4

Dungeon Overview and Level Annotations

Branches:
Dungeon (15/15)            Temple (1/1) D:6            Lair (6/6) D:9
  Swamp (4/4) Lair:4       Spider (4/4) Lair:2        Slime (5/5) Lair:6
    Orc (2/2) D:9             Elf (0/3) Orc:2        Vaults (0/5) D:13
 Depths (0/4) D:15          Sewer (visited)          Bailey (visited)

Altars:
Ashenzari
Cheibriados
Dithmenos
Elyvilon
Fedhas
Gozag
Hepliaklqana
Kikubaaqudgha
Makhleb
Nemelex Xobeh
Okawaru
Qazlal
Ru
Sif Muna
Trog
Uskayaw
Vehumet
Wu Jian
Xom
Yredelemnul
Zin
The Shining One
Beogh
Jiyva
Lugonu

Shops:
D:3 *   Orc:2 [[[[

Portals:
Abyss: Lair:6


Innate Abilities, Weirdness & Mutations

You cannot wear most types of armour.
You are amphibious.
You can wear up to eight rings at the same time.
Your skin changes colour to match your surroundings (Stealth+).
Your rubbery body absorbs attacks. (AC +1, EV +1)
((You are camouflaged when in or above water. (Stealth+)))
You have tentacles for arms and can constrict up to eight enemies at once.
One of your tentacles bears a spike.
You are agile. (Dex +2)
You possess an exceptional clarity of mind.
Your mind is acute. (Int +2)
You are frail. (-10% HP)
You are resistant to electric shocks. (rElec)


Message History

The splash of acid hits you! You resist.
* * * LOW HITPOINT WARNING * * *
The acid corrodes you!
Your magical effects are unravelling.
You feel magically purged.
You flicker back into view.
The sentinel's mark upon you fades away.
You are no longer corroded.
The acid blob jiggles.
The acid blob spits acid at you. The splash of acid hits you. You resist.
* * * LOW HITPOINT WARNING * * *
The acid blob spits acid at you. The splash of acid hits you! You resist.
* * * LOW HITPOINT WARNING * * *
The great orb of eyes is engulfed in freezing vapours.
The quicksilver ooze hits you!
* * * LOW HITPOINT WARNING * * *
The quicksilver ooze engulfs you!
You block the quicksilver ooze's attack.
Okay, then.
Okay, then.
You feel better.
The acid blob is engulfed in freezing vapours.
The ooze engulfing you falls away. The great orb of eyes gazes at you.
You resist with almost no effort.
You feel better.
The quicksilver ooze is engulfed in freezing vapours.
You block the quicksilver ooze's attack.
The quicksilver ooze closely misses you.
The acid blob is engulfed in freezing vapours.
The slime creature is engulfed in freezing vapours.
The quicksilver ooze closely misses you.
The quicksilver ooze misses you.
As you read the scroll of teleportation, it crumbles to dust.
You feel strangely unstable.
A slime creature comes into view.
You feel better. The rockslime hits you!!
You die...

########### ####
###.....#.#.####..##
##..........##.##...###
......................##
.......................###
...............○..○......##
.............°GJ..°.......#
............G.JJ@○.......##
..............JJ..........#
...........J..JJ○☼.....<..#
..............G.............#
...............................
................................
............J...................
........................≈.......
......#.....#..#................


You could see 4 acid blobs, 3 great orbs of eyes, 3 slime creatures, a rockslime
and a quicksilver ooze.

Vanquished Creatures
  the Royal Jelly (Slime:5)
  Dissolution (Slime:2)
  Nikola (Swamp:2)
  Arachne (Spider:3)
  Jorgrun (D:13)
  Rupert (Orc:2)
  11 acid blobs
  3 thorn hunters
  Gastronok (D:8)
  16 rockslimes
  12 azure jellies
  6 emperor scorpions
  2 orc warlords
  5 ghost moths
  A very ugly thing (D:14)
  10 quicksilver oozes
  4 broodmothers
  A stone giant (D:15)
  6 eleionomae
  3 bunyips
  7 entropy weavers
  Nessos (D:15)
  3 spark wasps
  A fire dragon (D:15)
  An ettin (Orc:1)
  A rakshasa (D:13)
  Harold (D:8)
  An ice dragon (D:15)
  4 vault guards (D:13)
  3 jorogumos
  6 great orbs of eyes
  2 ghost crabs
  25 hydras
  6 boulder beetles
  7 two-headed ogres
  3 radroaches
  2 death yaks (Lair:3)
  4 alligators
  4 centaur warriors
  3 thrashing horrors (Lair:6)
  4 orc high priests (Orc:2)
  7 tengu warriors
  3 large abominations (Lair:6)
  Nergalle (Lair:1)
  Urug (D:12)
  A glowing orange brain (Slime:3)
  7 pharaoh ants
  3 sun moths
  5 bog bodies
  3 goliath frogs
  12 orb spiders
  3 spriggan druids
  5 steelbarb worms
  2 deep elf archers
  14 swamp dragons
  4 deep elf pyromancers
  A deep elf zephyrmancer (D:14)
  6 orc knights
  3 orc sorcerers (Orc:2)
  21 wolf spiders
  5 manticores
  A shining eye (Slime:5)
  22 ugly things
  6 cyclopes
  3 will-o-the-wisps
  7 moths of wrath
  3 elephants (Lair:4)
  9 black mambas
  7 torpor snails
  2 eyes of devastation
  2 gargoyles
  A cane toad (shapeshifter) (Lair:6)
  A smoke demon (Lair:6)
  5 rime drakes
  Maggie (D:8)
  15 cane toads
  An unseen horror (D:13)
  Psyche (D:12)
  4 demonic crawlers
  2 yaktaurs (D:13)
  2 tengu conjurers (D:13)
  2 freezing wraiths
  8 komodo dragons
  An ancient zyme (Lair:6)
  7 trolls
  A meliai (shapeshifter) (D:15)
  26 tarantellas
  17 hornets
  9 meliai
  10 tyrant leeches
  27 blink frogs
  56 slime creatures
  A centaur simulacrum (D:14)
  22 jumping spiders
  Sigmund (D:3)
  A vampire (D:9)
  4 wraiths
  28 yaks
  2 spriggans
  2 ynoxinuls (Lair:6)
  31 culicivoras
  7 wyverns
  12 basilisks
  A golden eye (Slime:5)
  11 vampire mosquitoes
  2 chaos spawn (Lair:6)
  47 redbacks
  3 wargs (Orc:2)
  3 steam dragons
  10 two-headed ogre zombies (D:9)
  20 swamp worms
  4 acid dragons
  29 water moccasins
  A black bear (Lair:1)
  37 orc warriors
  7 swamp drakes
  2 sky beasts
  22 wolves
  15 ogres
  5 centaurs
  A phantom (D:5)
  12 small abominations (Lair:6)
  2 kobold brigands
  19 bullfrogs
  A gnoll sergeant (D:11)
  2 scorpions
  A wyvern zombie (D:5)
  A water moccasin zombie (D:5)
  13 killer bees
  13 wights
  14 electric eels
  4 howler monkeys
  5 centaur zombies
  A bullfrog zombie (D:6)
  4 lava snakes (Lair:4)
  5 jellies
  3 hounds
  5 centaur skeletons
  28 orc priests
  A bullfrog skeleton (D:6)
  5 iguanas
  26 orc wizards
  5 hell rats (Lair:4)
  A hound zombie (D:5)
  3 howler monkey zombies
  5 gnolls
  19 adders
  A white imp (D:7)
  An ufetubus (D:5)
  An adder zombie (D:5)
  A worm (D:6)
  2 dart slugs
  83 orcs
  7 bats
  11 endoplasms
  5 giant cockroaches
  13 goblins
  6 hobgoblins
  A jackal (Sewer)
  30 kobolds
  8 quokkas
  12 ball pythons
  3 frilled lizards
  9 rats
  A briar patch (Swamp:1)
1266 creatures vanquished.

Vanquished Creatures (collateral kills)
  2 acid blobs (Slime:5)
  An azure jelly (Slime:5)
  Sonja (D:13)
  2 slime creatures (Slime:5)
  2 orc warriors (Orc:2)
  An orc wizard (Orc:2)
  5 orcs (Orc:2)
14 creatures vanquished.

Vanquished Creatures (others)
  A ghost crab (Swamp:2)
  A spriggan druid (Swamp:2)
  A rime drake (Swamp:4)
  A bloated husk (Swamp:2)
  A tyrant leech (Swamp:2)
  2 hell rats (Lair:4)
  An orc (Orc:1)
  2 briar patches (Swamp:1)
  4 foxfires (Swamp:1)
  15 fungi
  30 plants
  9 toadstools (D:3)
  6 withered plants (D:5)
74 creatures vanquished.

Grand Total: 1354 creatures vanquished

Notes
Turn   | Place    | Note
-------+----------+-------------------------------------------
     0 | D:1      | HallandMoats the Octopode Fighter began the quest for the
                  | Orb.
     0 | D:1      | Reached XP level 1. HP: 16/16 MP: 1/1
    50 | D:1      | Reached XP level 2. HP: 20/21 MP: 2/2
   471 | D:1      | Reached XP level 3. HP: 25/26 MP: 3/3
  1516 | D:3      | Identified 3 scrolls of acquirement
  1516 | D:3      | Acquired 825 gold pieces
  1517 | D:3      | Acquired a +2 kite shield of protection
  1518 | D:3      | Acquired the ring of Winter {rF+ rC+ Will+}
  1752 | D:3      | Reached XP level 4. HP: 32/32 MP: 4/4
  1754 | D:3      | Found a glowing drain.
  1787 | Sewer    | Entered a sewer
  1838 | Sewer    | Noticed a water moccasin
  1848 | Sewer    | Killed a water moccasin
  1849 | Sewer    | Reached skill level 4 in Fighting
  1849 | Sewer    | Reached skill level 1 in Invocations
  1849 | Sewer    | Reached XP level 5. HP: 17/37 MP: 4/6
  2494 | D:3      | Reached XP level 6. HP: 39/44 MP: 7/7
  2668 | D:3      | Found Bameora's General Store.
  2673 | D:3      | Bought a scroll of identify for 26 gold pieces
  2673 | D:3      | Bought a scroll of identify for 26 gold pieces
  2673 | D:3      | Bought a potion of mutation for 104 gold pieces
  2679 | D:3      | Acquired the +1 hat of Bozairoexta {Regen+ Str+4}
  2897 | D:3      | Noticed Sigmund
  2911 | D:3      | Killed Sigmund
  2912 | D:3      | Reached XP level 7. HP: 33/49 MP: 8/8
  3150 | D:4      | Reached skill level 5 in Fighting
  3162 | D:4      | Acquired 604 gold pieces
  3619 | D:4      | Reached skill level 5 in Polearms
  3646 | D:4      | Reached XP level 8. HP: 56/56 MP: 10/10
  3759 | D:4      | Gained mutation: Your mind is acute. (Int +2) [potion of
                  | mutation]
  3759 | D:4      | Gained mutation: One of your tentacles bears a spike.
                  | [potion of mutation]
  3759 | D:4      | Gained mutation: You are agile. (Dex +2) [potion of
                  | mutation]
  3759 | D:4      | Gained mutation: You have hidden genetic potential. [potion
                  | of mutation]
  3790 | D:5      | Entered Level 5 of the Dungeon
  3928 | D:5      | Reached skill level 6 in Fighting
  3942 | D:5      | Noticed a wyvern
  4234 | D:5      | Killed a wyvern
  4235 | D:5      | Reached skill level 5 in Dodging
  4284 | D:5      | Reached skill level 5 in Shields
  4332 | D:5      | Reached XP level 9. HP: 63/63 MP: 12/12
  4377 | D:5      | Gained mutation: You possess an exceptional clarity of
                  | mind. [hidden potential]
  4611 | D:6      | Found a staircase to the Ecumenical Temple.
  4616 | D:6      | Reached skill level 7 in Fighting
  4633 | Temple   | Entered the Ecumenical Temple
  5176 | D:6      | Found a snail-covered altar of Cheibriados.
  5478 | D:7      | Noticed a hornet
  5492 | D:7      | Killed a hornet
  5493 | D:7      | Reached skill level 5 in Invocations
  5759 | D:7      | Found an ancient bone altar of Kikubaaqudgha.
  5860 | D:7      | You fall into a shaft and drop 2 floors!
  5864 | D:9      | Identified the ring of Uzxiz {rPois rN+++ Str+6 Int-2}
  5871 | D:8      | Noticed Maggie
  5890 | D:7      | Reached skill level 8 in Fighting
  5890 | D:7      | Reached XP level 10. HP: 38/72 MP: 6/14
  5912 | D:7      | Gained mutation: You are resistant to electric shocks.
                  | (rElec) [hidden potential]
  5912 | D:7      | Lost mutation: You have hidden genetic potential. [hidden
                  | potential expressed]
  6006 | D:7      | Found an ornate altar of the Wu Jian Council.
  6353 | D:8      | Noticed Gastronok
  6439 | D:8      | Found a flagged portal.
  6450 | Bailey   | Entered a bailey
  6455 | Bailey   | Noticed an orc warlord
  6585 | Bailey   | Found a runed translucent gate.
  6587 | Bailey   | Found a runed translucent gate.
  6589 | Bailey   | Found a runed translucent gate.
  6735 | Bailey   | Killed an orc warlord
  6736 | Bailey   | Reached skill level 1 in Spellcasting
  6736 | Bailey   | Reached skill level 1 in Transmutations
  6810 | Bailey   | Acquired the ring of Cuacvic {rCorr Str+2 Int+6 Dex+2}
  6817 | Bailey   | Learned a level 2 spell: Wereblood
  6967 | D:8      | Killed Gastronok
  7070 | D:8      | Noticed Harold
  7080 | D:8      | Killed Harold
  7081 | D:8      | Reached XP level 11. HP: 69/78 MP: 11/15
  7084 | D:8      | Reached skill level 9 in Fighting
  7349 | D:8      | Found a sacrificial altar of Ru.
  7431 | D:8      | Killed Maggie
  7722 | D:9      | Found a staircase to the Orcish Mines.
  7822 | D:9      | Found a staircase to the Lair.
  7950 | D:9      | Noticed a two-headed ogre
  7977 | D:9      | Killed a two-headed ogre
  8510 | D:9      | Noticed a tengu warrior
  8527 | D:9      | Killed a tengu warrior
  8528 | D:9      | Reached skill level 5 in Transmutations
  8681 | D:10     | Entered Level 10 of the Dungeon
  8703 | D:10     | Noticed a two-headed ogre
  8707 | D:10     | Killed a two-headed ogre
  8784 | D:10     | Noticed a two-headed ogre
  8794 | D:10     | Killed a two-headed ogre
  8795 | D:10     | Reached skill level 5 in Spellcasting
  8795 | D:10     | Reached XP level 12. HP: 86/86 MP: 17/19
  8963 | D:10     | Found a stormy altar of Qazlal.
  9053 | D:10     | Found a sparkling altar of Nemelex Xobeh.
  9054 | D:10     | Found a hide-covered altar of Uskayaw.
  9086 | D:10     | Found a burning altar of Makhleb.
  9087 | D:10     | Noticed a blizzard demon
  9176 | D:10     | Became a worshipper of Qazlal Stormbringer
  9855 | D:11     | Noticed a two-headed ogre
  9859 | D:11     | Acquired 870 gold pieces
  9871 | D:11     | Killed a two-headed ogre
 10225 | D:12     | Noticed Urug
 10366 | Lair:1   | Entered Level 1 of the Lair of Beasts
 10468 | Lair:1   | Noticed Nergalle
 10478 | Lair:1   | Killed Nergalle
 10490 | Lair:1   | You fall into a shaft and drop 1 floor!
 11263 | Lair:2   | Reached * piety under Qazlal
 11316 | Lair:2   | Found a hole to the Spider Nest.
 11359 | Lair:2   | Noticed an eight-headed hydra
 11366 | Lair:2   | Killed an eight-headed hydra
 11474 | Lair:2   | Noticed a four-headed hydra
 11635 | Lair:2   | Killed a four-headed hydra
 11857 | Lair:3   | Reached skill level 10 in Fighting
 11892 | Lair:3   | Reached XP level 13. HP: 63/92 MP: 9/23
 12482 | Lair:3   | Reached ** piety under Qazlal
 12697 | Lair:3   | Reached skill level 10 in Polearms
 13404 | Lair:3   | Reached skill level 10 in Invocations
 13711 | Lair:4   | Reached *** piety under Qazlal
 13821 | Lair:4   | Identified the ring "Xotzov" {rPois Will+ AC+4}
 14017 | Lair:4   | Found a staircase to the Swamp.
 14959 | Lair:5   | Reached XP level 14. HP: 99/99 MP: 26/26
 14961 | Lair:5   | Reached **** piety under Qazlal
 15275 | Lair:5   | Reached skill level 11 in Fighting
 15595 | Lair:6   | Entered Level 6 of the Lair of Beasts
 16218 | Lair:6   | Found a viscous altar of Jiyva.
 16218 | Lair:6   | Found a staircase to the Slime Pits.
 16409 | Lair:6   | Reached ***** piety under Qazlal
 16667 | Lair:6   | Found a corrupted altar of Lugonu.
 16667 | Lair:6   | Found a one-way gate to the infinite horrors of the Abyss.
 17336 | D:12     | Reached skill level 10 in Dodging
 17385 | D:12     | Reached skill level 12 in Fighting
 17470 | D:12     | Killed Urug
 17607 | D:12     | Reached XP level 15. HP: 108/108 MP: 24/28
 17722 | D:12     | Reached skill level 10 in Spellcasting
 17941 | D:12     | Noticed Psyche
 17948 | D:12     | Killed Psyche
 18071 | D:13     | Reached skill level 10 in Shields
 18092 | D:13     | Noticed Sonja
 18096 | D:13     | Killed Sonja
 18246 | D:13     | Found a gate to the Vaults.
 18345 | D:13     | Noticed Jorgrun
 18361 | D:13     | Killed Jorgrun
 19385 | D:14     | Reached skill level 13 in Fighting
 19394 | D:14     | Identified the amulet "Katolagiw" {Faith Harm rF+ rCorr
                  | Int+4}
 19671 | D:14     | Reached ****** piety under Qazlal
 19687 | D:14     | Got Sif Muna's Catalogue of Earth
 19698 | D:14     | Learned a level 3 spell: Ozocubu's Armour
 19705 | D:14     | Learned a level 6 spell: Statue Form
 19989 | D:15     | Entered Level 15 of the Dungeon
 20030 | D:15     | Reached XP level 16. HP: 74/117 MP: 19/31
 20037 | D:15     | Reached skill level 1 in Ice Magic
 20037 | D:15     | Reached skill level 1 in Earth Magic
 20046 | D:15     | Acquired a +8 demon trident of freezing
 20622 | D:15     | Noticed Nessos
 20748 | D:15     | Killed Nessos
 21147 | D:15     | Found a staircase to the Depths.
 21404 | Orc:1    | Entered Level 1 of the Orcish Mines
 21634 | Orc:2    | Entered Level 2 of the Orcish Mines
 22023 | Orc:2    | Found Tuledomu's Antique Armour Emporium.
 22033 | Orc:2    | Found Fecluden's Antique Armour Shoppe.
 22187 | Orc:2    | Noticed Rupert
 22196 | Orc:2    | Killed Rupert
 22515 | Orc:2    | Found Fazuj's Armour Shoppe.
 22767 | Orc:2    | Found a staircase to the Elven Halls.
 23036 | Orc:2    | Found Ytou's Antique Armour Shop.
 23278 | Spider:1 | Entered Level 1 of the Spider Nest
 23543 | Spider:1 | Reached skill level 14 in Fighting
 23776 | Swamp:1  | Entered Level 1 of the Swamp
 23893 | Swamp:1  | Noticed a thorn hunter
 23899 | Swamp:1  | Reached skill level 5 in Earth Magic
 23908 | Swamp:1  | Killed a thorn hunter
 23923 | Swamp:1  | Reached skill level 5 in Ice Magic
 23932 | Swamp:1  | Reached XP level 17. HP: 121/125 MP: 17/32
 24304 | Swamp:2  | Noticed Nikola
 24487 | Swamp:2  | Killed Nikola
 24603 | Swamp:2  | Identified the amulet "Oroicyo" {Spirit Rampage +Inv rC-
                  | Dex+5}
 25001 | Swamp:2  | Identified the +3 lajatang "Boirhuho" {flame, rElec rN+
                  | MP-9 SInv}
 25462 | Swamp:4  | Entered Level 4 of the Swamp
 25791 | Swamp:4  | Got a decaying rune of Zot
 26330 | Spider:1 | Reached skill level 15 in Fighting
 26503 | Spider:1 | Reached skill level 10 in Transmutations
 26682 | Lair:2   | Reached XP level 18. HP: 79/134 MP: 1/33
 27738 | Spider:2 | Reached XP level 19. HP: 139/139 MP: 32/34
 28421 | Spider:3 | Reached skill level 15 in Invocations
 28653 | Spider:3 | Identified the +12 flail "Wegai" {venom, rF+ Int+6}
 28872 | Spider:3 | Noticed Arachne
 28887 | Spider:3 | Killed Arachne
 29289 | Spider:4 | Entered Level 4 of the Spider Nest
 29854 | Spider:4 | Reached XP level 20. HP: 147/147 MP: 31/35
 30424 | Spider:4 | Reached skill level 16 in Fighting
 30736 | Spider:4 | Found the +3 pair of seven-league boots {Rampage+∞}
 30750 | Spider:4 | Reached skill level 10 in Ice Magic
 30750 | Spider:4 | Reached skill level 10 in Earth Magic
 30791 | Spider:4 | Got a gossamer rune of Zot
 30995 | Slime:1  | Entered Level 1 of the Pits of Slime
 31295 | Slime:2  | Noticed Dissolution
 31302 | Slime:2  | Paralysed by a floating eye for 4 turns
 31309 | Slime:2  | Paralysed by a floating eye for 3 turns
 31316 | Slime:2  | Paralysed by a floating eye for 3 turns
 31320 | Slime:2  | Killed Dissolution
 31897 | Slime:3  | Found a viscous altar of Jiyva.
 32531 | Slime:5  | Entered Level 5 of the Pits of Slime
 32548 | Slime:5  | Noticed the Royal Jelly
 32877 | Slime:5  | Gained mutation: You are frail. (-10% HP) [a shining eye]
 32944 | Slime:5  | Killed the Royal Jelly
 33040 | Slime:5  | HP: 4/134 [quicksilver ooze (12)]
 33045 | Slime:5  | Slain by a rockslime

Illustrated notes

Levels and vault maps discovered:
D:1:      shiori_arrival_elements, layout_loops_ring, st_stairs_1
D:2:      layout_basic
D:3:      cheibrodos_fertilizer, layout_basic, gup_sewer_entry_pipe,
          serial_shops, shop_statue, glass_columns_a, dk_vineyard_1,
          uniq_sigmund
D:4:      layout_cave_pools
D:5:      layout_basic, serial_undead, serial_undead_e, serial_undead_e,
          serial_undead_f, serial_undead_e
D:6:      layout_rooms, slow_altar_2, minmay_temple_entry_statues_fountains,
          roderic_serpentine_path, kennysheep_generic_room_14
D:7:      layout_cave_pools, kennysheep_mini, mainiacjoe_overflow_boulevard
D:8:      layout_loops_cross, hangedman_ru_absence, enter_bailey_3,
          david_defended_altar_orc, uniq_harold, uniq_maggie, uniq_gastronok
D:9:      lemuel_ogre_cave, layout_rooms, lair_entry_dummy, orc_0_dummy,
          nicolae_concentric_dashed_squares_mild,
          chequers_serial_rivers_micro_a, kennysheep_generic_room_7
D:10:     erik_rubicon_a, layout_basic, makhleb_altar_promises_db,
          mainiacjoe_overflow_small_starburst, mainiacjoe_overflow_divided_tiny,
          chequers_jeans
D:11:     layout_loops_ring
D:12:     layout_roguey, uniq_urug, uniq_psyche
D:13:     layout_grid_maze, grunt_vaults_entry_fortified, uniq_sonja,
          uniq_jorgrun, uniq_erolcha
D:14:     minmay_the_grid_triangle_9x9_recursive_2_mashed
          [minmay_the_grid_triangle_9x9_prize_center,
          minmay_the_grid_triangle_9x9_limited_checkers,
          minmay_the_grid_triangle_9x9_from_above,
          minmay_the_grid_triangle_9x9_sparse_checkered], layout_irregular_city,
          patterned_corridor, serial_column_ruins,
          column_ruins_open_small_water, column_ruins_columns_straight,
          column_ruins_grid_1, column_ruins_columns_corner,
          column_ruins_open_tiny_water, column_ruins_open_tiny
D:15:     grunt_enter_depths_snipers, layout_gridville,
          hangedman_abyss_or_decor_slice, nicolae_fountain_basement, uniq_nessos
Temple:   zaba_magenta_temple
Lair:1:   layout_loops_ring, uniq_nergalle
Lair:2:   layout_cave_shapes, hellmonk_spider_entry_life_and_decay,
          infiniplex_staircase_pool
Lair:3:   lemuel_reptile_caves, layout_gridlike, infiniplex_staircase_pool_2
Lair:4:   layout_roguey, swamp_mist_pool, nicolae_lair_liquid_snakes,
          serial_bayou_shore_a, serial_bayou_shore_b
Lair:5:   layout_regular_city, serial_bayou_shore_b
Lair:6:   hellmonk_lair_end_abyssal_woods, layout_layer_cave,
          dpeg_slime_entry_enclosed_altar, grunt_megastairs_3,
          serial_bayou_shore_b
Swamp:1:  layout_falls_marsh, hangedman_swamp_blocks
Swamp:2:  layout_basic_swamp, nicolae_swamp_small_spring, worms_lemuel,
          uniq_nikola
Swamp:3:  layout_basic_swamp, evilmike_swamp_ruin_rubble_1
Swamp:4:  swamp_alternative, layout_basic_swamp, swamp_pool1
Spider:1: layout_spider_delve, nicolae_spider_eight_legs
Spider:2: layout_spider_delve, nicolae_spider_spiderdrome
Spider:3: nicolae_spider_hilbert_zone_7 [nicolae_spider_hilbert_4_sides_1_open,
          nicolae_spider_hilbert_4_sides_1_open,
          nicolae_spider_hilbert_4_sides_1_open,
          nicolae_spider_hilbert_4_sides_1_open,
          nicolae_spider_hilbert_3_sides_1_open,
          nicolae_spider_hilbert_3_sides_1_open,
          nicolae_spider_hilbert_3_sides_1_open,
          nicolae_spider_hilbert_3_sides_1_open,
          nicolae_spider_hilbert_4_sides_1_open,
          nicolae_spider_hilbert_4_sides_1_open,
          nicolae_spider_hilbert_4_sides_1_open,
          nicolae_spider_hilbert_2_sides_1_open,
          nicolae_spider_hilbert_2_sides_1_open,
          nicolae_spider_hilbert_2_sides_1_open,
          nicolae_spider_hilbert_2_sides_1_open,
          nicolae_spider_hilbert_2_sides_1_open,
          nicolae_spider_hilbert_2_sides_1_open], spiders_nest_hornet_nest,
          uniq_arachne
Spider:4: spider_rune_water, drop_trap, hangedman_spider_mandibles
Slime:1:  layout_caves
Slime:2:  layout_caves, uniq_dissolution
Slime:3:  layout_caves, basic_altar
Slime:4:  layout_caves
Slime:5
Orc:1:    layout_caves, guppyfry_orc_lava_fort
Orc:2:    pubby_orc_utopia, uniq_rupert

Skill      XL: |  1  2  3  4  5  6  7  8  9 10 11 12 13 14 15 16 17 18 19 20 |
---------------+-------------------------------------------------------------+-----
Fighting       | 4 5 6 8 9 10 12 13 14 15 16 | 16.7
Polearms       | 3 4 5 6 7 8 9 10 11 12 13 | 13.8
Invocations    | 1 2 3 4 5 6 7 8 10 12 13 14 15 | 15.7
Dodging        | 4 5 6 7 8 9 10 11 12 | 12.9
Shields        | 4 5 6 7 8 9 10 | 10.5
Spellcasting   | 3 5 6 8 9 11 | 11.1
Transmutations | 3 5 6 8 10 11 12 | 12.9
Ice Magic      | 5 7 8 9 11 | 11.2
Earth Magic    | 5 7 8 9 11 | 11.2

Action                   |  1- 3 |  4- 6 |  7- 9 | 10-12 | 13-15 | 16-18 | 19-21 || total
-------------------------+-------+-------+-------+-------+-------+-------+-------++-------
Melee: Trident           |    79 |    76 |   317 |   157 |       |       |       ||   629
       Tentacles         |    15 |    12 |    71 |   154 |   372 |   183 |   159 ||   966
       Constrict         |    15 |    14 |    40 |    83 |   145 |   110 |    93 ||   500
       Punch             |     1 |     1 |     8 |    14 |    24 |    13 |    13 ||    74
       Kick              |       |       |    87 |   223 |   578 |   296 |   254 ||  1438
       Spear             |       |       |       |   447 |  1192 |     9 |       ||  1648
       Demon trident     |       |       |       |       |       |   845 |   592 ||  1437
Throw: Throwing net      |       |       |     1 |       |       |       |       ||     1
 Cast: Wereblood         |       |       |       |    13 |    44 |    30 |    28 ||   115
       Ozocubu's Armour  |       |       |       |       |       |    11 |     2 ||    13
       Statue Form       |       |       |       |       |       |       |    11 ||    11
Invok: Elemental Force   |       |       |       |       |     1 |     2 |     3 ||     6
       Disaster Area     |       |       |       |       |       |     2 |     3 ||     5
Evoke: Wand              |       |       |       |       |     2 |       |     1 ||     3
  Use: Scroll            |     3 |     6 |     6 |     6 |    11 |     9 |     5 ||    46
       Potion            |       |     2 |     3 |     3 |     2 |     2 |    13 ||    25
 Stab: Sleeping          |     7 |     6 |     8 |    14 |       |       |       ||    35
       Distracted        |       |       |       |     1 |       |       |       ||     1
       Paralysed         |       |       |       |       |     1 |       |     1 ||     2
Armor: Skin              |     5 |     7 |    80 |    51 |    45 |    96 |   147 ||   431
Dodge: Dodged            |    25 |    20 |   137 |   243 |   416 |   432 |   284 ||  1557
       Repelled          |       |       |       |       |     1 |     9 |     7 ||    17
Block: Buckler           |     9 |       |       |       |       |       |       ||     9
       Kite shield       |     5 |    28 |   191 |   326 |   831 |   823 |   559 ||  2763

Table legend: (Time is in decaauts)
 A = Elapsed time spent in this place.
 B = Non-inter-level travel time spent in this place.
 C = Inter-level travel time spent in this place.
 D = Time resting spent in this place.
 E = Time spent auto-exploring this place.
 F = Levels seen in this place.
 G = Mean time per level.
                   A        B        C        D        E       F      G
               +--------+--------+--------+--------+--------+-----+--------+
         Total |  32652 |  30663 |   1989 |   3719 |  19737 |  39 |  837.2 |
       Dungeon |  13789 |  12882 |    907 |    617 |   9117 |  15 |  919.3 |
        Temple |    109 |     94 |     15 |      0 |     50 |   1 |  109.0 |
          Lair |   7469 |   6858 |    611 |   1031 |   4614 |   6 | 1244.8 |
         Swamp |   2380 |   2225 |    155 |    273 |   1412 |   4 |  595.0 |
   Spider Nest |   4217 |   4082 |    135 |    965 |   2106 |   4 | 1054.2 |
    Slime Pits |   2083 |   2057 |     26 |    549 |   1127 |   5 |  416.6 |
  Orcish Mines |   1748 |   1611 |    137 |      0 |   1088 |   2 |  874.0 |
         Sewer |    412 |    412 |      0 |    244 |     65 |   1 |  412.0 |
        Bailey |    442 |    442 |      0 |     39 |    157 |   1 |  442.0 |
               +--------+--------+--------+--------+--------+-----+--------+

Top non-repeatable levels by time:
  Lair:3: 1847 daAuts
Spider:4: 1614 daAuts
  Lair:2: 1577 daAuts
   Orc:2: 1519 daAuts
  Lair:6: 1331 daAuts
     D:3: 1223 daAuts
    D:15: 1212 daAuts
     D:9: 1052 daAuts
     D:8: 1027 daAuts
    D:14: 1000 daAuts
Spider:1: 986 daAuts
Spider:3: 984 daAuts
  Lair:1: 953 daAuts
    D:13: 931 daAuts
    D:11: 905 daAuts
